 Dungeon Crawl Stone Soup version 0.25-a0-697-g890751e (webtiles) character file.

Game seed: 173744470410616492, levelgen mode: deterministic

138 robertstho the Poker (level 5, -1/42 HPs)
             Began as a Merfolk Berserker on Mar 31, 2020.
             Was a Believer of Trog.
             Slain by a scorpion (4 damage)
             ... on level 3 of the Dungeon.
             The game lasted 00:03:15 (2062 turns).

robertstho the Poker (Merfolk Berserker)            Turns: 2062, Time: 00:03:15

Health: -1/42      AC: 10    Str: 18    XL:     5   Next: 21%
Magic:  5/5        EV:  6    Int:  7    God:    Trog [**....]
Gold:   57         SH:  0    Dex: 13    Spells: 4/4 levels left

rFire    . . .     SeeInvis .   a - +0 spear
rCold    . . .     Gourm    .   (no shield)
rNeg     . . .     Faith    .   d - +0 plate armour
rPois    .         Spirit   .   (no helmet)
rElec    .         Reflect  .   (no cloak)
rCorr    .         Harm     .   (no gloves)
MR       .....                  (no boots)
Stlth    ..........             (no amulet)
HPRegen  0.14/turn              (no ring)
MPRegen  0.09/turn              (no ring)

@: lethally poisoned (-1 -> -3)
A: change form in water, swift swim, stealthy swim
a: Berserk, Trog's Hand, Renounce Religion


You were on level 3 of the Dungeon.
You worshipped Trog.
Trog was pleased with you.
You were not hungry.

You visited 1 branch of the dungeon, and saw 3 of its levels.

You collected 57 gold pieces.

Inventory:

Hand Weapons
 a - a +0 spear (weapon)
Armour
 d - a +0 plate armour (worn)
Scrolls
 b - 3 scrolls of identify {unknown}
 f - a scroll of enchant weapon {unknown}
 g - 2 scrolls of immolation {unknown}
 i - 2 scrolls of remove curse {unknown}
 k - a scroll of magic mapping {unknown}
 l - a scroll of fog {unknown}
 n - a scroll of blinking {unknown}
Potions
 e - a potion of curing {unknown}
 h - a potion of brilliance {unknown}
 j - a potion of might {unknown}
Comestibles
 c - 5 rations
 m - 3 chunks of flesh


   Skills:
 + Level 4.0 Fighting
 + Level 6.6 Polearms
 + Level 2.1 Armour
 + Level 3.2 Dodging


You had 4 spell levels left.
You didn't know any spells.
Your spell library was empty.

Dungeon Overview and Level Annotations

Branches:
Dungeon (3/15)

Altars:
Dithmenos
Zin


Message History

The scorpion is heavily wounded.
You feel sick.
You hit the scorpion but do no damage.
The scorpion is heavily wounded.
The scorpion stings you.
* * * LOW HITPOINT WARNING * * *
You closely miss the scorpion.
The scorpion is heavily wounded.
You feel sick. The scorpion barely misses you.
You hit the scorpion.
The scorpion is severely wounded.
You hit the scorpion.
The scorpion is almost dead.
The scorpion stings you.
* * * LOW HITPOINT WARNING * * *
You hit the scorpion but do no damage.
The scorpion is almost dead.
* * * LOW HITPOINT WARNING * * *
You feel sick. The scorpion stings you.
You die...

##'## ##...##
##.....##
##.......##
#.........#
+.........+
#....s....#
#...@...#
##.....## #.#
##...## #.#
##'## #.#
###.###### #.#
#........#
#.#####.#.####.#
#.#........##
#.#.###.....#


You could see a scorpion.

Vanquished Creatures
  An orc priest (D:3)
  3 adders
  An ooze (D:3)
  2 dart slugs
  2 leopard geckos (D:1)
  4 orcs (D:3)
  5 bats
  5 giant cockroaches
  8 goblins
  10 hobgoblins
  2 jackals (D:2)
  9 kobolds
  A quokka (D:2)
  A ball python (D:2)
  2 frilled lizards (D:1)
  8 rats
64 creatures vanquished.

Notes
Turn   | Place    | Note
-------+----------+-------------------------------------------
     0 | D:1      | robertstho the Merfolk Berserker began the quest for the
                  | Orb.
     0 | D:1      | Reached XP level 1. HP: 18/18 MP: 1/1
    35 | D:1      | Reached XP level 2. HP: 19/24 MP: 2/2
   131 | D:1      | Reached skill level 5 in Polearms
   404 | D:1      | Reached XP level 3. HP: 29/30 MP: 3/3
   505 | D:1      | Reached ** piety under Trog
  1330 | D:2      | Reached XP level 4. HP: 36/37 MP: 4/4
  1410 | D:2      | Found a glowing silver altar of Zin,
  1411 | D:2      | Found a shadowy altar of Dithmenos,
  1416 | D:2      | Reached skill level 6 in Polearms
  1871 | D:3      | Reached XP level 5. HP: 11/42 MP: 5/5
  2062 | D:3      | Slain by a scorpion

Levels and vault maps discovered:
D:1:      wander_arrival_desolate, layout_basic
D:2:      layout_basic, gammafunk_temple_overflow_pools
D:3:      layout_loops_corners, chequers_ecumenical_altar_simple

Skill      XL: |  1  2  3  4 |
---------------+-------------+-----
Polearms       | 5 6 |  6.6
Dodging        | 3 |  3.2
Fighting       | 4 |  4.0
Armour         | 2 |  2.1

Action                   |  1- 3 |  4- 6 || total
-------------------------+-------+-------++-------
Melee: Spear             |   174 |    94 ||   268
  Eat: Chunk             |     1 |     3 ||     4
Armor: Animal skin       |     1 |       ||     1
       Plate armour      |    63 |    37 ||   100
Dodge: Dodged            |    36 |    25 ||    61

Table legend:
 A = Non-vault XP
 B = Vault XP
 C = Vault XP percentage of total XP
 D = Non-vault monster count
 E = Vault monster count
 F = Vault count percentage of total count
                 A         B        C        D         E       F
            +---------+---------+-------+---------+---------+-------
      Total |     198 |       0 |   0.0 |      64 |       0 |   0.0
            +---------+---------+-------+---------+---------+-------
        D:1 |      54 |       0 |   0.0 |      30 |       0 |   0.0
        D:2 |      64 |       0 |   0.0 |      23 |       0 |   0.0
        D:3 |      80 |       0 |   0.0 |      11 |       0 |   0.0
            +---------+---------+-------+---------+---------+-------
